 Dungeon Crawl Stone Soup version 0.30-a0-743-gbfdf073431 (webtiles) character file.

Game seed: 2881833576990281132

298 PyroL the Ruffian (level 6, -8/62 HPs)
             Began as a Troll Fighter on Feb 6, 2023.
             Mangled by an ogre
             ... wielding a +0 giant club
              (16 damage)
             ... on level 4 of the Dungeon.
             The game lasted 00:04:38 (2199 turns).

PyroL the Ruffian (Troll Fighter)                   Turns: 2199, Time: 00:04:38

Health: -8/62      AC:  4    Str: 27    XL:     6   Next: 13%
Magic:  5/5        EV:  8    Int:  4    God:
Gold:   448        SH:  7    Dex:  9    Spells: 5/5 levels left

rFire   . . .      SeeInvis .      - Unarmed
rCold   . . .      Faith    .    b - +0 kite shield
rNeg    + . .      Spirit   .    a - +0 robe
rPois   .          Reflect  .    (helmet restricted)
rElec   .          Harm     .    (no cloak)
rCorr   .          Rampage  .    (gloves unavailable)
Will    +....                    (boots unavailable)
Stlth   +                        (no amulet)
HPRegen 1.10/turn                p - ring of willpower
MPRegen 0.09/turn                C - ring of positive energy

@: no status effects
A: large, unfitting armour, claws 3, regeneration 1, shaggy fur 1, tough skin 1
a: no special abilities


You were on level 4 of the Dungeon.
You visited 1 branch of the dungeon, and saw 4 of its levels.
You also visited: Ossuary.

You collected 448 gold pieces.

Inventory:

Armour
 a - a +0 robe (worn)
 b - a +0 kite shield (worn)
Jewellery
 l - a ring of fire
 p - a ring of willpower (left claw)
 C - a ring of positive energy (right claw)
Wands
 t - a wand of polymorph (19)
Scrolls
 f - 3 scrolls of enchant weapon {unknown}
 g - 3 scrolls of identify {unknown}
 h - a scroll of fog {unknown}
 k - 2 scrolls of torment {unknown}
 m - a scroll of butterflies {unknown}
 n - a scroll of immolation {unknown}
 o - 3 scrolls of teleportation {unknown}
 s - a scroll of noise {unknown}
 u - a scroll of fear {unknown}
 v - a scroll of vulnerability {unknown}
 x - a scroll of poison {unknown}
 y - 3 scrolls of magic mapping {unknown}
 B - a scroll of blinking {unknown}
Potions
 c - a potion of might
 d - 6 potions of curing {unknown}
 e - a potion of flight {unknown}
 i - 2 potions of mutation {unknown}
 j - 3 potions of brilliance {unknown}
 q - a potion of lignification {unknown}
 r - a potion of degeneration {unknown}
 w - a potion of cancellation {unknown}
 z - a potion of heal wounds {unknown}
 A - a potion of invisibility {unknown}


   Skills:
 + Level 3.8 Fighting
 - Level 2.4 Dodging
 - Level 2.6 Shields
 * Level 5.4 Unarmed Combat


You had 5 spell levels left.
You didn't know any spells.
Your spell library contained the following spells:

 Spells                   Type           Power      Damage    Failure   Level
 Gell's Gravitas          Tloc           0%         N/A       99%         3
 Teleport Other           Tloc           0%         N/A       99%         3
 Dispersal                Tloc           0%         N/A       100%        6


Dungeon Overview and Level Annotations

Branches:
Dungeon (4/15)            Ossuary (visited)
 Temple: D:4-7

Altars:
Gozag
Ru


Innate Abilities, Weirdness & Mutations

You are too large for most types of armour.
You have claws for hands.
Your natural rate of healing is unusually fast.
You are covered in fur. (AC +1)
You have tough skin. (AC +1)


Message History

a +0 mace; a +0 leather armour; an orc corpse
Things that are here:
a +0 mace; a +0 leather armour; an orc corpse You mangle the orc wizard!!
You kill the orc wizard!
Things that are here:
a +0 dagger; a +0 robe
Items here: )) [[ †.
Okay, then.
y - 2 scrolls labelled ATHROO YCAGINIXUT (gained 1)
You now have 436 gold pieces (gained 16).
Found a stone staircase leading down.
You now have 448 gold pieces (gained 12).
An ufetubus comes into view.
The ufetubus moves out of view.
y - 3 scrolls labelled ATHROO YCAGINIXUT (gained 1)
Found a runed ring mail.
The ufetubus shouts!
An ufetubus is nearby!
An ogre comes into view. It is wielding a +0 giant club.
The ogre shouts!
The ufetubus hits you.
The ufetubus hits you but does no damage.
The ufetubus barely misses you. x2
You scratch the ufetubus.
The ufetubus is severely wounded.
The ufetubus barely misses you. The ufetubus hits you.
You scratch the ufetubus but do no damage.
The ufetubus is severely wounded.
The ufetubus hits you. You block the ufetubus's attack.
The ufetubus closely misses you. The ufetubus hits you.
The ogre hits you with a +0 giant club!!
You claw the ufetubus!
You kill the ufetubus!
You scratch the ogre.
The ogre is lightly wounded.
The ogre hits you with a +0 giant club!!
* * * LOW HITPOINT WARNING * * *
The ogre attacks as you move away! The ogre hits you with a +0 giant club!
You die...

......... ..
.##..................
....................
.†).................
##.................
..................# ..
.......#. #.......##...#
......## ##..#.O......#
......#####.....@## .#
.###..............## ..#
..#..###...........#...#.[
......#...................
.....###............###...
......................#
.##....................#
)....##....#.........#...
.... ##..###........##....


You could see an ogre.

Vanquished Creatures
  3 orc wizards
  8 mummies (Ossuary)
  3 adders
  2 ufetubi
  A worm (D:2)
  12 orcs
  3 bats
  5 endoplasms
  2 giant cockroaches
  A gnoll zombie (Ossuary)
  3 goblins
  10 hobgoblins
  6 kobolds
  4 quokkas
  6 ball pythons
  2 frilled lizards
  2 kobold zombies (Ossuary)
  5 orc zombies (Ossuary)
  6 rats
84 creatures vanquished.

Notes
Turn   | Place    | Note
-------+----------+-------------------------------------------
     0 | D:1      | PyroL the Troll Fighter began the quest for the Orb.
     0 | D:1      | Reached XP level 1. HP: 22/22 MP: 0/0
   104 | D:1      | Reached XP level 2. HP: 29/29 MP: 1/1
   573 | D:2      | Reached skill level 3 in Unarmed Combat
   617 | D:2      | Reached XP level 3. HP: 36/36 MP: 2/2
  1134 | D:3      | Reached XP level 4. HP: 17/45 MP: 3/3
  1240 | D:3      | Reached skill level 4 in Unarmed Combat
  1453 | D:3      | Found a sacrificial altar of Ru.
  1462 | D:3      | Found an opulent altar of Gozag.
  1774 | D:4      | Found a sand-covered staircase.
  1796 | Ossuary  | Entered an ossuary
  1817 | Ossuary  | Reached XP level 5. HP: 20/53 MP: 4/4
  1871 | Ossuary  | Reached skill level 5 in Unarmed Combat
  2135 | D:4      | Reached XP level 6. HP: 53/62 MP: 5/5
  2199 | D:4      | Mangled by an ogre

Illustrated notes

Levels and vault maps discovered:
D:1:      erik_arrival_triangle_large, layout_rooms
D:2:      layout_basic
D:3:      layout_rooms, mainiacjoe_overflow_swirl, kennysheep_generic_room_9
D:4:      layout_cave_pools, enter_ossuary_1

Skill      XL: |  1  2  3  4  5 |
---------------+----------------+-----
Unarmed Combat | 3 4 5 |  5.4
Fighting       | 3 |  3.8
Dodging        | |  2.4
Shields        | |  2.6

Action                     |  1- 3 |  4- 6 || total
---------------------------+-------+-------++-------
  Melee: Unarmed           |    86 |   145 ||   231
   Stab: Distracted        |     1 |       ||     1
 Armour: Robe              |    20 |    38 ||    58
  Dodge: Dodged            |    23 |    56 ||    79
  Block: Kite shield       |    37 |    61 ||    98

Table legend: (Time is in decaauts)
 A = Elapsed time spent in this place.
 B = Non-inter-level travel time spent in this place.
 C = Inter-level travel time spent in this place.
 D = Time resting spent in this place.
 E = Time spent auto-exploring this place.
 F = Levels seen in this place.
 G = Mean time per level.
                   A        B        C        D        E       F      G
               +--------+--------+--------+--------+--------+-----+--------+
         Total |   2212 |   2113 |     99 |     17 |   1449 |   5 |  442.4 |
       Dungeon |   1945 |   1846 |     99 |     17 |   1295 |   4 |  486.2 |
       Ossuary |    267 |    267 |      0 |      0 |    154 |   1 |  267.0 |
               +--------+--------+--------+--------+--------+-----+--------+

Top non-repeatable levels by time:
     D:3: 615 daAuts
     D:2: 591 daAuts
     D:1: 535 daAuts
 Ossuary: 267 daAuts
     D:4: 203 daAuts
